 Dungeon Crawl Stone Soup version 0.28.0-45-g0d030f2227 (webtiles) character file.

Game seed: 3981761133073520192

28 Kangaroobicon the Skirmisher (level 3, -3/31 HPs)
             Began as a Palentonga Fighter on Apr 24, 2022.
             Slain by a gnoll
             ... wielding a +0 spear
              (6 damage)
             ... on level 2 of the Dungeon.
             The game lasted 00:07:28 (649 turns).

Kangaroobicon the Skirmisher (Palentonga Fighter)    Turns: 649, Time: 00:07:30

Health: -3/31      AC:  9    Str: 19    XL:     3   Next: 0%
Magic:  3/3        EV:  7    Int:  8    God:
Gold:   32         SH:  4    Dex: 11    Spells: 2/2 levels left

rFire   . . .      SeeInvis +   a - +0 war axe
rCold   . . .      Faith    .   c - +0 buckler
rNeg    . . .      Spirit   .   b - +0 scale mail
rPois   .          Reflect  .   (no helmet)
rElec   .          Harm     .   (no cloak)
rCorr   .          Rampage  .   h - +2 pair of gloves
Will    .....                   (no barding)
Stlth   ..........              (no amulet)
HPRegen 0.10/turn               i - ring of see invisible
MPRegen 0.08/turn               (no ring)

@: no status effects
A: large, rugged brown scales 3, see invisible, deformed body, roll 1, armoured
tail
a: Rolling Charge


You were on level 2 of the Dungeon.
You visited 1 branch of the dungeon, and saw 2 of its levels.

You collected 32 gold pieces.

Inventory:

Hand Weapons
 a - a +0 war axe (weapon)
Armour
 b - a +0 scale mail (worn)
 c - a +0 buckler (worn)
 h - a +2 pair of gloves (worn)
Jewellery
 g - a ring of magical power
 i - a ring of see invisible (left hand)
Scrolls
 e - 3 scrolls of teleportation {unknown}
 k - a scroll of fear {unknown}
Potions
 d - a potion of might
 f - a potion of magic {unknown}
 j - a potion of curing {unknown}


   Skills:
 + Level 3.3 Fighting
 + Level 2.6 Axes
 + Level 2.6 Armour
 + Level 2.6 Shields


You had 2 spell levels left.
You didn't know any spells.
Your spell library was empty.

Dungeon Overview and Level Annotations

Branches:
Dungeon (2/15)

Altars:

Shops:
D:1 (


Innate Abilities, Weirdness & Mutations

You are completely covered in rugged brown scales. (AC +3, +7% HP)
You have supernaturally acute eyesight. (SInv)
Armour fits poorly on your strangely shaped body.
You can roll at nearby foes to attack.
You have a long armoured tail.


Message History

You completely miss the gnoll. You hit the gnoll.
The gnoll hits you but does no damage. The gnoll hits you with a +0 flail.
The gnoll hits you but does no damage. The gnoll completely misses you.
You closely miss the gnoll. You tail-slap the gnoll.
The gnoll is lightly wounded.
You hit the gnoll. The gnoll hits you with a +0 flail.
The gnoll closely misses you. x2; The gnoll barely misses you.
You hit the gnoll.
The gnoll is heavily wounded.
You hit the gnoll.
You kill the gnoll!
The gnoll hits you but does no damage.
The gnoll hits you from afar with a +0 spear.
The gnoll closely misses you. You block the gnoll's attack.
You have reached level 3!
Your experience leads to an increase in your attributes!
Increase (S)trength, (I)ntelligence, or (D)exterity?
You feel agile. x2
You closely miss the gnoll.
The gnoll is moderately wounded.
The gnoll hits you from afar with a +0 spear.
* * * LOW HITPOINT WARNING * * *
The gnoll barely misses you.
The gnoll hits you but does no damage. x2
The gnoll hits you from afar with a +0 spear.
* * * LOW HITPOINT WARNING * * *
The gnoll barely misses you. The gnoll hits you with a +0 spear.
* * * LOW HITPOINT WARNING * * *
The gnoll closely misses you.
You barely miss the gnoll. You hit the gnoll but do no damage.
You closely miss the gnoll. The gnoll hits you but does no damage.
The gnoll hits you with a +0 spear.
* * * LOW HITPOINT WARNING * * *
You block the gnoll's attack.
You hit the gnoll.
The gnoll is lightly wounded.
You closely miss the gnoll. x2; You block the gnoll's attack.
The gnoll barely misses you. The gnoll hits you with a +0 whip.
* * * LOW HITPOINT WARNING * * *
The gnoll hits you with a +0 spear.
You die...

........##....
........#.....
........#....#
........#....#
........#....#
........#....#
.......g##.).#
......g..#g†.##
<......gg##@).#
.$.......g#gg.##
..........#w...#
...#...........#
.............._#
#.#............#
..............#
#............##
.#.#...#)...#


You could see 3 gnolls and a dart slug.

Vanquished Creatures
  A gnoll (D:2)
  An endoplasm (D:1)
  A giant cockroach (D:1)
  A hobgoblin (D:1)
  6 jackals (D:1)
  2 kobolds
  A bat (D:1)
  2 frilled lizards (D:1)
  A goblin (D:2)
  2 rats
18 creatures vanquished.

Notes
Turn   | Place    | Note
-------+----------+-------------------------------------------
     0 | D:1      | Kangaroobicon the Palentonga Fighter began the quest for
                  | the Orb.
     0 | D:1      | Reached XP level 1. HP: 19/19 MP: 1/1
   152 | D:1      | Reached XP level 2. HP: 18/25 MP: 2/2
   245 | D:1      | Found Bykolo's Weapon Emporium.
   632 | D:2      | Found a faded altar of an unknown god.
   646 | D:2      | Reached XP level 3. HP: 14/31 MP: 3/3
   649 | D:2      | Slain by a gnoll

Illustrated notes

Levels and vault maps discovered:
D:1:      moated_graveyard_arrival, layout_loops_ring, serial_shops, shop_statue
D:2:      layout_rooms, hellmonk_ecumenical_altar_zigzags,
          kennysheep_generic_room_15

Action                   || total
-------------------------++-------
Melee: War axe           ||    55
       Tailslap          ||     5
Armor: Scale mail        ||    37
Dodge: Dodged            ||    32
Block: Buckler           ||    19
